General information
- name: BNet
- type: Ladder 1vs1/FFA
- host: Battle.net
- saver: hernando
map: TwistedMeadows
- players: 2
- length: 100:33
- speed: Fast
- version: 1.21 W3XP
- replay type: Public
» download(252 KB)
Players
team 1 (loser)
icemanonfire4 (
green | 35 APM | 3503 actions | 100:31)
8 Archmage
3 Summon Water Elemental
3 Brilliance Aura
1 Mass Teleport
1 Blizzard
8 Mountain King
3 Storm Bolt
3 Thunder Clap
1 Bash
1 Avatar
1 Paladin
1 Divine Shield
» actions
| Basic commands | 85 | |
| Build / train | 197 | |
| Enter build submenu | 64 | |
| Enter hero's abilities submenu | 17 | |
| Give item / drop item | 7 | |
| Remove unit from queue | 1 | |
| Right click | 1769 | |
| Select / deselect | 1175 | |
| Use ability | 188 | |
3503 total
» units
| Peasant | 9 | |
| Priest | 19 | |
| Knight | 22 | |
| Mortar Team | 13 | |
| Siege Engine | 14 | |
| Sorceress | 1 | |
| Goblin Zeppelin | 15 | |
| Gryphon Rider | 15 | |
| Flying Machine | 14 | |
122 total
» upgrades
| Masonry | 3 | |
| Swords | 3 | |
| Plating | 3 | |
| Animal War Training | 1 | |
| Gunpowder | 3 | |
| Barrage | 1 | |
| Armor | 3 | |
| Storm Hammers | 1 | |
| Lumber Harvesting | 1 | |
| Flying Machine Bombs | 1 | |
| Flak Cannons | 1 | |
| Magic Sentry | 1 | |
22 total
» buildings
| Altar of Kings | 2 | |
| Lumber Mill | 1 | |
| Farm | 13 | |
| Scout Tower | 29 | |
| Arcane Tower | 1 | |
| Keep | 2 | |
| Blacksmith | 2 | |
| Guard Tower | 27 | |
| Castle | 2 | |
| Barracks | 1 | |
| Arcane Sanctum | 1 | |
| Workshop | 4 | |
| Town Hall | 6 | |
| Gryphon Aviary | 2 | |
| Arcane Vault | 1 | |
94 total
» build order
00:11 Altar of Kings
00:25 Lumber Mill
00:39 Farm
01:13 Scout Tower
01:42 Arcane Tower
02:07 Keep
02:14 Scout Tower
02:26 Blacksmith
02:45 Guard Tower
02:49 Farm
03:32 Farm
04:44 Castle
05:17 Barracks
05:26 Arcane Sanctum
06:36 Farm
09:57 Workshop
10:05 Workshop
11:41 Farm
11:45 Farm
13:19 Scout Tower
13:40 Workshop
13:50 Guard Tower
14:18 Workshop
15:12 Farm
16:09 Town Hall
17:27 Keep
18:37 Farm
20:22 Scout Tower
20:36 Scout Tower
21:09 Farm
21:31 Guard Tower
21:34 Castle
21:57 Farm
22:59 Farm
28:21 Town Hall
28:27 Scout Tower
28:35 Scout Tower
28:38 Scout Tower
28:42 Scout Tower
28:54 Guard Tower
29:10 Scout Tower
29:11 Guard Tower
29:13 Guard Tower
29:14 Guard Tower
30:02 Guard Tower
31:49 Farm
32:47 Farm
33:38 Town Hall
33:41 Scout Tower
33:44 Scout Tower
33:48 Scout Tower
34:22 Scout Tower
34:23 Guard Tower
34:24 Guard Tower
34:25 Guard Tower
34:28 Scout Tower
34:53 Guard Tower
35:02 Guard Tower
38:01 Blacksmith
47:55 Gryphon Aviary
48:02 Gryphon Aviary
57:18 Town Hall
57:21 Scout Tower
57:26 Scout Tower
57:30 Scout Tower
57:55 Guard Tower
57:57 Guard Tower
58:12 Guard Tower
59:55 Scout Tower
61:55 Guard Tower
64:50 Town Hall
65:22 Scout Tower
65:25 Scout Tower
65:56 Scout Tower
65:57 Guard Tower
65:59 Guard Tower
66:03 Scout Tower
66:26 Guard Tower
66:38 Guard Tower
69:28 Town Hall
69:32 Scout Tower
69:36 Scout Tower
70:06 Guard Tower
70:07 Guard Tower
70:10 Scout Tower
70:13 Scout Tower
70:45 Guard Tower
70:48 Guard Tower
80:18 Altar of Kings
90:23 Arcane Vault
91:31 Scout Tower
91:36 Scout Tower
92:04 Guard Tower
92:08 Guard Tower
team 2 (winner)
hernando (
orange | 47 APM | 4768 actions | 100:33)
10 Blademaster
3 Wind Walk
3 Critical Strike
3 Mirror Image
1 Bladestorm
» actions
| Assign group hotkey | 14 | |
| Basic commands | 29 | |
| Build / train | 200 | |
| Enter build submenu | 74 | |
| Enter hero's abilities submenu | 10 | |
| Give item / drop item | 3 | |
| Remove unit from queue | 11 | |
| Right click | 2761 | |
| Select / deselect | 1191 | |
| Select group hotkey | 87 | |
| Use ability | 385 | |
4768 total
» units
| Peon | 22 | |
| Demolisher | 7 | |
| Troll Batrider | 66 | |
| Troll Witch Doctor | 4 | |
| Raider | 5 | |
| Goblin Zeppelin | 3 | |
| Shaman | 4 | |
| Kodo Beast | 1 | |
| Grunt | 1 | |
| Wind Rider | 13 | |
126 total
» upgrades
| Liquid Fire | 1 | |
| Ranged Weapons | 3 | |
| Troll Regeneration | 1 | |
| Witch Doctor Training | 2 | |
| Armor | 1 | |
| Ensnare | 1 | |
| Shaman Training | 2 | |
| Pillage | 1 | |
| Berserker Strength | 1 | |
| Melee Weapons | 1 | |
| Burning Oil | 1 | |
| Envenomed Spears | 1 | |
16 total
» buildings
| Altar of Storms | 2 | |
| Orc Burrow | 8 | |
| War Mill | 2 | |
| Watch Tower | 32 | |
| Voodoo Lounge | 5 | |
| Stronghold | 2 | |
| Barracks | 2 | |
| Beastiary | 3 | |
| Fortress | 2 | |
| Spirit Lodge | 2 | |
| Tauren Totem | 1 | |
| Great Hall | 3 | |
64 total
» build order
00:05 Altar of Storms
00:08 Orc Burrow
00:22 War Mill
01:37 Watch Tower
02:09 Watch Tower
02:56 Watch Tower
03:01 Watch Tower
03:10 Voodoo Lounge
03:28 Watch Tower
03:38 Orc Burrow
04:49 Stronghold
05:10 Watch Tower
05:41 Barracks
05:47 Orc Burrow
06:14 Watch Tower
07:08 Watch Tower
07:10 Watch Tower
07:19 Beastiary
07:25 Beastiary
07:31 Fortress
09:42 Watch Tower
11:59 Orc Burrow
21:10 Spirit Lodge
22:31 Watch Tower
22:32 Watch Tower
22:32 Watch Tower
22:32 Watch Tower
22:42 Watch Tower
38:27 Tauren Totem
43:12 War Mill
43:24 Stronghold
43:30 Voodoo Lounge
44:41 Watch Tower
44:43 Watch Tower
44:47 Barracks
44:57 Watch Tower
45:21 Watch Tower
45:27 Watch Tower
45:51 Orc Burrow
45:52 Orc Burrow
46:02 Great Hall
46:33 Watch Tower
47:09 Great Hall
47:29 Great Hall
47:53 Beastiary
47:56 Orc Burrow
49:31 Spirit Lodge
49:36 Watch Tower
49:37 Watch Tower
49:41 Watch Tower
49:41 Watch Tower
52:42 Watch Tower
52:47 Watch Tower
52:50 Watch Tower
53:52 Watch Tower
55:53 Altar of Storms
66:05 Orc Burrow
82:04 Voodoo Lounge
82:08 Voodoo Lounge
87:15 Fortress
90:56 Watch Tower
90:57 Watch Tower
91:05 Watch Tower
99:34 Voodoo Lounge
» items
| Healing Salve | 4 | |
| Potion of Healing | 15 | |
| Lesser Clarity Potion | 2 | |
| Scroll of Town Portal | 3 | |
| Potion of Mana | 7 | |
| Tiny Great Hall | 3 | |
| Orb of Lightning | 1 | |
35 total
Chat log
(00:20 / All) icemanonfire4: hi
(00:24 / All) hernando: hi
(16:13 / All) hernando: the final slash of the blade, how poetic
(30:05 / All) hernando: u wanna at after this?
(31:43 / All) hernando: ??
(34:02 / All) hernando: lol
(39:40 / All) icemanonfire4: ready
(39:46 / All) hernando: do you wanna at after this
(39:55 / All) icemanonfire4: if u win me
(39:59 / All) hernando: eh
(40:00 / All) hernando: i wont
(40:02 / All) hernando: im asking anyway
(46:40 / All) hernando: heheheh
(46:41 / All) icemanonfire4: wow
(60:46 / All) hernando: lol???
(67:42 / All) hernando: not the strongest unit
(73:04 / All) hernando: nice
(78:07 / All) hernando: lmao
(78:12 / All) icemanonfire4: lucky
(78:25 / All) hernando: yeah it is so much luck to just right click on your hero
(78:40 / All) hernando: i ought to hit up some casinos
(80:08 / All) hernando: hahaha
(80:11 / All) hernando: jesus man
(83:09 / All) hernando: 2 slow
(83:45 / All) hernando: so predictable
(85:39 / All) hernando: lol
(85:51 / All) hernando: i saved up a lotta gold bro
(90:01 / All) hernando: that was exciting
(93:36 / All) hernando: also quite exciting
(99:02 / All) icemanonfire4: gg
(99:04 / All) hernando: gg